 Dungeon Crawl Stone Soup version 0.21.1-68-g103a7af (webtiles) character file.

85 Ceann the Chiller (level 4, 0/27 HPs)
             Began as an Octopode Ice Elementalist on Aug 3, 2018.
             Slain by an orc
             ... wielding a +0 falchion
              (6 damage)
             ... on level 3 of the Dungeon.
             The game lasted 00:06:17 (2065 turns).

Ceann the Chiller (Octopode Ice Elementalist)       Turns: 2065, Time: 00:06:17

Health: 0/27       AC:  1    Str:  7    XL:     4   Next: 48%
Magic:  3/8        EV: 13    Int: 18    God:
Gold:   102        SH:  0    Dex: 12    Spells: 7/8 levels left

rFire    . . .     SeeInvis .   (no weapon)
rCold    . . .     Gourm    .   (no shield)
rNeg     . . .     Faith    .   (helmet restricted)
rPois    .         Spirit   .   (no amulet)
rElec    .         Reflect  .   (no ring)
rCorr    .         Harm     .   (no ring)
MR       .....                  (no ring)
Stlth    +++.......             (no ring)
HPRegen  0.09/turn              (no ring)
MPRegen  0.11/turn              (no ring)
                                (no ring)
                                (no ring)

@: no status effects
A: almost no armour, stealthy swim, amphibious, 8 rings, constrict 8, camouflage
1, gelatinous body 1
a: no special abilities


You were on level 3 of the Dungeon.
You were not hungry.

You visited 1 branch of the dungeon, and saw 3 of its levels.

You collected 102 gold pieces.

Inventory:

Scrolls
 e - a scroll of random uselessness {unknown}
 f - a scroll of amnesia {unknown}
 g - a scroll of remove curse {unknown}
 h - a scroll of fear {unknown}
 i - a scroll of magic mapping {unknown}
 k - a scroll of fog {unknown}
Potions
 c - a potion of cancellation {unknown}
Books
 a - a book of Frost

   Spells                             Type                      Level
   a - Freeze                         Ice                          1
   b - Throw Frost                    Conjuration/Ice              2
   c - Ozocubu's Armour               Charms/Ice                   3
   d - Throw Icicle                   Conjuration/Ice              4
   e - Summon Ice Beast               Ice/Summoning                4
Comestibles
 b - 2 rations
 j - 2 chunks of flesh


   Skills:
 + Level 0.4 Fighting
 + Level 2.4 Dodging
 + Level 3.3 Stealth
 + Level 0.3 Unarmed Combat
 + Level 2.8 Spellcasting
   Level 1.0 Conjurations
 + Level 4.0 Ice Magic


You had 7 spell levels left.
You knew the following spells:

 Your Spells              Type           Power        Failure   Level  Hunger
a - Freeze                Ice            ###.         3%          1    None


Dungeon Overview and Level Annotations

Branches:
Dungeon (3/15)

Altars:
Dithmenos
Kikubaaqudgha
Sif Muna
Uskayaw
Wu Jian


Innate Abilities, Weirdness & Mutations

You cannot wear most types of armour.
You are very stealthy in the water. (Stealth+)
You are amphibious.
You can wear up to eight rings at the same time.
You can use your tentacles to constrict eight enemies at once.
Your skin changes colour to match your surroundings (Stealth+).
Your rubbery body absorbs attacks. (AC +1, EV +1)


Message History

Casting: Freeze
Confirm with . or Enter, or press ? or * to list all spells.
Aiming: Freeze
Press: ? - help, Shift-Dir - straight line, f - orc, p - orc
Aim: an orc, wielding a whip of electrocution You freeze the orc.
The orc is severely wounded.
The orc hits you with a hand axe.
* * * LOW HITPOINT WARNING * * *
The orc closely misses you. x2
Casting: Freeze
Confirm with . or Enter, or press ? or * to list all spells.
Aiming: Freeze
Press: ? - help, Shift-Dir - straight line, f/p - orc
Aim: an orc, wielding a whip of electrocution (severely wounded)
You freeze the orc.
You kill the orc!
The orc closely misses you. The orc barely misses you.
You feel better. The orc closely misses you. The orc hits you with a falchion.
You die...

### #.. #
##.## #.#
... ..
#o#.##...
#@)....#
#.o).####
#.##.# #.
.# .. #
##. #. #.


You could see 2 orcs.

Vanquished Creatures
  2 adders (D:2)
  An ooze (D:1)
  2 worms (D:2)
  3 dart slugs (D:1)
  2 leopard geckos
  2 orcs (D:3)
  4 giant cockroaches
  2 goblins (D:1)
  3 hobgoblins
  4 jackals (D:2)
  5 kobolds
  2 quokkas (D:2)
  9 bats
  2 frilled lizards (D:2)
  2 rats (D:1)
45 creatures vanquished.

Notes
Turn   | Place    | Note
-------+----------+-------------------------------------------
     0 | D:1      | Ceann the Octopode Ice Elementalist began the quest for the Orb.
     0 | D:1      | Reached XP level 1. HP: 11/11 MP: 3/3
     3 | D:1      | Noticed a minotaur skeleton
   326 | D:1      | Reached XP level 2. HP: 7/17 MP: 0/5
   804 | D:1      | Reached XP level 3. HP: 22/22 MP: 3/6
  1000 | D:2      | Found an ornate altar of the Wu Jian Council.
  1056 | D:2      | Found a hide-covered altar of Uskayaw.
  1056 | D:2      | Found a deep blue altar of Sif Muna.
  1195 | D:2      | Found an ancient bone altar of Kikubaaqudgha.
  1277 | D:2      | Reached XP level 4. HP: 16/27 MP: 5/7
  1828 | D:2      | Found a shadowy altar of Dithmenos.
  1842 | D:2      | Reached skill level 4 in Ice Magic
  2061 | D:3      | HP: 1/27 [orc/hand axe (2)]
  2065 | D:3      | Slain by an orc

Skill      XL: |  1  2  3  4 |
---------------+-------------+-----
Stealth        | 3 |  3.3
Ice Magic      | 4 |  4.0
Fighting       | |  0.4
Dodging        | |  2.4
Unarmed Combat | |  0.3
Spellcasting   | |  2.8
Conjurations   | |  1.0

Action                   |  1- 3 |  4- 6 || total
-------------------------+-------+-------++-------
Melee: Unarmed           |    22 |     5 ||    27
       Constrict         |     7 |     1 ||     8
       Tentacles         |     4 |     1 ||     5
 Cast: Freeze            |    41 |    32 ||    73
  Use: Potion            |       |     2 ||     2
 Stab: Sleeping          |     4 |       ||     4
  Eat: Chunk             |     1 |     3 ||     4
Armor: Skin              |     3 |     4 ||     7
Dodge: Dodged            |    30 |    27 ||    57
